 Dungeon Crawl Stone Soup version 0.31-a0-175-g9f7f995f2b (webtiles) character file.

Game seed: 1991545961044081840

53 qw the Shooter (level 3, 0/22 HPs)
             Began as a Gargoyle Hunter on June 17, 2023.
             Slain by Grinder (5 damage)
             ... on level 2 of the Dungeon.
             The game lasted 00:00:31 (1450 turns).

qw the Shooter (Gargoyle Hunter)                    Turns: 1450, Time: 00:00:32

Health: 0/22       AC:  8    Str: 14    XL:     3   Next: 87%
Magic:  3/3        EV: 11    Int:  9    God:
Gold:   133        SH:  0    Dex: 15    Spells: 2/2 levels left

rFire   . . .        Y - +0 shortbow
rCold   . . .        (shield currently unavailable)
rNeg    + . .        d - +0 ring mail
rPois   inf          (no helmet)
rElec   +            (no cloak)
rCorr   .            (no gloves)
SInv    .            (no boots)
Will    .....        (no amulet)
Stlth   +            (no ring)
HPRegen 0.23/turn    (no ring)
MPRegen 0.08/turn

%: no passive effects
@: no status effects
A: sickness immunity, AC +3, negative energy resistance 1, electricity
resistance, torment resistance 1, petrification resistance
a: no special abilities


You were on level 2 of the Dungeon.
You visited 1 branch of the dungeon, and saw 3 of its levels.

You collected 133 gold pieces.


Innate Abilities, Weirdness & Mutations

You are immune to sickness and miasma.
Your stone body is resilient. (AC +3)
You are immune to poison.
You resist negative energy. (rN+)
You are resistant to electric shocks. (rElec)
You are resistant to unholy torment.
You are immune to petrification.


   Skills:
 + Level 2.5 Fighting
 - Level 5.0 Ranged Weapons
 - Level 1.4 Armour
 - Level 1.5 Dodging
 - Level 1.1 Stealth


You had 2 spell levels left.
You didn't know any spells.
Your spell library was empty.

Inventory:

Hand Weapons
 Y - a +0 shortbow (weapon)
Armour
 d - a +0 ring mail (worn)
Scrolls
 a - a scroll of identify
Potions
 b - a potion of might {unknown}
 c - a potion of heal wounds {unknown}
 e - 2 potions of enlightenment
 f - a potion of resistance {unknown}
 h - a potion of brilliance {unknown}
 j - a potion of haste {unknown}

Dungeon Overview and Level Annotations

Branches:
Dungeon (3/15)

Altars:

Annotations:
D:2 Grinder


Message History

There is a stone staircase leading down here.
You shoot an arrow. The arrow completely misses Grinder.
Grinder hits you but does no damage.
You shoot an arrow. The arrow closely misses Grinder.
Grinder hits you but does no damage.
You shoot an arrow.
The arrow hits Grinder but does no damage.
Grinder hits you.
You writhe in agony.
You shoot an arrow.
The arrow hits Grinder but does no damage.
Grinder hits you but does no damage. Grinder hits you.
You shoot an arrow. The arrow closely misses Grinder.
Grinder hits you but does no damage.
You shoot an arrow. The arrow hits Grinder!
Grinder is lightly wounded.
Grinder hits you.
You shoot an arrow. The arrow barely misses Grinder.
Grinder hits you but does no damage.
You shoot an arrow. The arrow hits Grinder.
Grinder is lightly wounded.
Grinder closely misses you. Grinder hits you but does no damage.
You shoot an arrow. The arrow barely misses Grinder.
Grinder closely misses you.
You shoot an arrow. The arrow hits Grinder.
Grinder is moderately wounded.
Grinder hits you!
You shoot an arrow. The arrow closely misses Grinder.
Grinder hits you but does no damage.
You shoot an arrow. The arrow barely misses Grinder.
Grinder blinks!
You shoot an arrow. The arrow closely misses Grinder.
Grinder closely misses you.
You shoot an arrow. The arrow closely misses Grinder.
Grinder hits you but does no damage.
You shoot an arrow. The arrow closely misses Grinder.
Grinder completely misses you.
You shoot an arrow. The arrow hits Grinder.
Grinder is moderately wounded.
Grinder hits you but does no damage. Grinder hits you.
You die...

...#
#.....................#
...#
#..........#..........#
...#
#..............########
...# #........#.###.#
[..# ####.......# #.#
...# ###.###.# #.#####
...# #..##.# #.....#
...############5.#.#
#####.#
.....).[........@..#
#.#
####################
#.# .##............#
#.# .##.##########.#
#.# .##.# #.# #.# .##.#
#.# #.# ....# #.# #.#
##############.# #[#
...............# #.#


You could see Grinder.

Vanquished Creatures
  An adder (D:2)
  2 dart slugs
  4 endoplasms
  A giant cockroach (D:1)
  5 goblins
  5 hobgoblins (D:1)
  A jackal (D:1)
  3 kobolds
  2 quokkas (D:1)
  4 ball pythons
  3 bats (D:1)
  A frilled lizard (D:2)
  3 rats
35 creatures vanquished.

Notes
Turn   | Place    | Note
-------+----------+-------------------------------------------
     0 | D:1      | qw the Gargoyle Hunter began the quest for the Orb.
     0 | D:1      | Reached XP level 1. HP: 12/12 MP: 1/1
     0 | D:1      | 0 ||| qw: Version: 0.3-a-2-g5ab2908
     0 | D:1      | 0 ||| qw: Game counter: 360
     0 | D:1      | 0 ||| qw: Always use a shield: true
     0 | D:1      | 0 ||| qw: God list: Okawaru
     0 | D:1      | 0 ||| qw: Allow faded altars: false
     0 | D:1      | 0 ||| qw: Do Orc after D:15 true
     0 | D:1      | 0 ||| qw: Do second Lair branch before Depths: true
     0 | D:1      | 0 ||| qw: Lair rune preference: random
     0 | D:1      | 0 ||| qw: Plans: Normal, Zot:1-4, Slime:5, God:TSO, Crypt,
                  | Tomb, Abyss, Pan, Hells, Win
     0 | D:1      | 0 ||| PLANNING D:1-11
   119 | D:1      | HP: 2/12 [quokka (3)]
   181 | D:1      | Reached XP level 2. HP: 15/17 MP: 2/2
   340 | D:1      | Reached XP level 3. HP: 21/21 MP: 3/3
   481 | D:1      | Reached skill level 5 in Ranged Weapons
   822 | D:1      | 822 ||| UPGRADING to +0 ring mail.
   832 | D:1      | 832 ||| DROPPING +0 leather armour.
   833 | D:1      | 833 ||| READING 2 scrolls labelled GIUCOT EX GOMN.
   834 | D:1      | 834 ||| READING scroll labelled PAOSUAWN RUQYKUHE.
   835 | D:1      | 835 ||| READING scroll labelled WOOTHR NOMUOW.
   836 | D:1      | 836 ||| READING 2 scrolls labelled XEAS MADAS.
   837 | D:1      | 837 ||| DROPPING scroll of butterflies.
   838 | D:1      | 838 ||| DROPPING scroll of blinking.
  1126 | D:2      | Reached skill level 1 in Armour
  1404 | D:2      | 1404 ||| READING scroll labelled HIORAT CETUKI.
  1405 | D:2      | 1405 ||| READING scroll labelled KICHOG CODAEST.
  1408 | D:2      | 1408 ||| DRINKING 3 clear potions.
  1428 | D:3      | Noticed Grinder
  1433 | D:3      | 1433 ||| STAIRDANCE
  1444 | D:2      | HP: 3/22 [Grinder (9)]
  1450 | D:2      | Slain by Grinder

Levels and vault maps discovered:
D:1:      lemuel_arrival_room, layout_basic, minmay_small_reverse_x
D:2:      layout_basic, minmay_tromino_i2
D:3:      layout_rooms, nicolae_overflow_hidden_temple, uniq_sigmund,
          uniq_grinder, uniq_terence

Skill      XL: |  1  2  3 |
---------------+----------+-----
Ranged Weapons | 5 |  5.0
Armour         | 1 |  1.4
Fighting       | |  2.5
Dodging        | |  1.5
Stealth        | |  1.1

Action                     || total
---------------------------++-------
   Fire: Shortbow          ||   120
    Use: Scroll            ||     6
         Potion            ||     1
 Armour: Leather armour    ||     8
         Ring mail         ||    15
  Dodge: Dodged            ||    24

Table legend:
 A = Non-vault XP
 B = Vault XP
 C = Vault XP percentage of total XP
 D = Non-vault monster count
 E = Vault monster count
 F = Vault count percentage of total count
                 A         B        C        D         E       F
            +---------+---------+-------+---------+---------+-------
      Total |      65 |      11 |  14.5 |      29 |       6 |  17.1
            +---------+---------+-------+---------+---------+-------
        D:1 |      37 |       8 |  17.8 |      20 |       4 |  16.7
        D:2 |      26 |       3 |  10.3 |       8 |       2 |  20.0
        D:3 |       2 |       0 |   0.0 |       1 |       0 |   0.0
            +---------+---------+-------+---------+---------+-------
